 Dungeon Crawl Stone Soup version 0.31-a0-265-gcf7e37af1d (webtiles) character file.

Game seed: 13230051596139319127

91 qw the Shooter (level 4, -1/26 HPs)
             Began as a Gargoyle Hexslinger on July 13, 2023.
             Slain by an ogre
             ... wielding a +0 giant club
              (27 damage)
             ... on level 2 of the Dungeon.
             The game lasted 00:00:39 (1484 turns).

qw the Shooter (Gargoyle Hexslinger)                Turns: 1484, Time: 00:00:39

Health: -1/26      AC:  8    Str: 12    XL:     4   Next: 57%
Magic:  5/5        EV: 10    Int: 13    God:
Gold:   51         SH:  0    Dex: 14    Spells: 4/5 levels left

rFire   . . .        Y - +2 sling
rCold   . . .        (no shield)
rNeg    + . .        h - +0 ring mail
rPois   inf          (no helmet)
rElec   +            (no cloak)
rCorr   .            (no gloves)
SInv    .            (no boots)
Will    .....        (no amulet)
Stlth   +            (no ring)
HPRegen 0.24/turn    (no ring)
MPRegen 0.09/turn

%: no passive effects
@: no status effects
A: sickness immunity, AC +3, negative energy resistance 1, electricity
resistance, torment resistance 1, petrification resistance
a: no special abilities


You were on level 2 of the Dungeon.
You visited 1 branch of the dungeon, and saw 2 of its levels.

You collected 129 gold pieces.
You spent 78 gold pieces at shops.


Innate Abilities, Weirdness & Mutations

You are immune to sickness and miasma.
Your stone body is resilient. (AC +3)
You are immune to poison.
You resist negative energy. (rN+)
You are resistant to electric shocks. (rElec)
You are resistant to unholy torment.
You are immune to petrification.


   Skills:
 - Level 2.0 Fighting
 + Level 4.1 Ranged Weapons
 - Level 1.0 Armour
 - Level 1.5 Dodging
 - Level 1.0 Spellcasting
 - Level 2.6 Hexes


You had 4 spell levels left.
You knew the following spells:

 Your Spells              Type           Power      Damage    Failure   Level
a - Slow                  Hex            28%        N/A       22%         1

Your spell library contained the following spells:

 Spells                   Type           Power      Damage    Failure   Level
 Inner Flame              Hex/Fire       4%         N/A       73%         3
 Portal Projectile        Hex/Tloc       8%         N/A       73%         3
 Cause Fear               Hex            3%         N/A       91%         4

Inventory:

Hand Weapons
 Y - a +2 sling (weapon)
Armour
 h - a +0 ring mail (worn)
Scrolls
 a - a scroll of noise {unknown}
 c - a scroll of teleportation {unknown}
 d - a scroll of identify
Potions
 b - 3 potions of degeneration {unknown}
 e - 2 potions of curing
 f - a potion of heal wounds {unknown}
 j - a potion of magic {unknown}

Dungeon Overview and Level Annotations

Branches:
Dungeon (2/15)

Altars:

Shops:
D:2 !


Message History

You shoot a sling bullet. The sling bullet hits the adder.
The adder is heavily wounded.
The adder closely misses you. The adder misses you.
You shoot a sling bullet.
The sling bullet closely misses the adder.
The adder barely misses you.
You shoot a sling bullet. The sling bullet hits the adder.
The adder is almost dead.
The adder bites you but does no damage. x2
You shoot a sling bullet. The sling bullet hits the adder.
You kill the adder!
You start resting.
HP restored.
You see here a +0 rapier.
An ogre comes into view. It is wielding a +0 giant club.
The ogre shouts!
Enter note:
Enter note:
Enter note:
Enter note:
Enter note:
Enter note: You shoot a sling bullet.
The sling bullet barely misses the ogre.
An adder comes into view.
You shoot a sling bullet.
The sling bullet barely misses the ogre.
The sling bullet closely misses the adder.
The adder hisses angrily.
You shoot a sling bullet. The sling bullet hits the ogre.
The ogre is lightly wounded.
The ogre barely misses you.
You shoot a sling bullet. The sling bullet hits the ogre.
The ogre is lightly wounded.
You shoot a sling bullet.
The sling bullet barely misses the ogre.
The sling bullet closely misses the adder.
The ogre hits you with a +0 giant club!!
Ouch! That really hurt!
You die...

.................................
................#.##.............
.#####..........#...<#..........#
###..########.........######
#..## #####.###.....#
#...###.....# #.....#
#....#..##### #.....#
##...>.###### #.....#
##.#...)@OS# ####### #...#####.#
#..## .. #..# ... #### #.. .


You could see an ogre and an adder.

Vanquished Creatures
  4 adders
  4 dart slugs
  5 endoplasms (D:1)
  A giant cockroach (D:2)
  5 hobgoblins (D:1)
  6 jackals (D:1)
  7 kobolds
  A quokka (D:1)
  2 ball pythons (D:1)
  2 bats (D:2)
  A frilled lizard (D:2)
  4 goblins
  A rat (D:1)
43 creatures vanquished.

Notes
Turn   | Place    | Note
-------+----------+-------------------------------------------
     0 | D:1      | qw the Gargoyle Hexslinger began the quest for the Orb.
     0 | D:1      | Reached XP level 1. HP: 12/12 MP: 2/2
     0 | D:1      | 0 ||| qw: Version: 0.3-a-52-g30416fa
     0 | D:1      | 0 ||| qw: Game counter: 7606
     0 | D:1      | 0 ||| qw: Melee chars always use a shield: true
     0 | D:1      | 0 ||| qw: God list: Okawaru
     0 | D:1      | 0 ||| qw: Allow faded altars: false
     0 | D:1      | 0 ||| qw: Do Orc after clearing Dungeon:15 true
     0 | D:1      | 0 ||| qw: Do second Lair branch before Depths: true
     0 | D:1      | 0 ||| qw: Lair rune preference: random
     0 | D:1      | 0 ||| qw: Goals: Normal
     0 | D:1      | 0 ||| PLANNING D:1-11
   381 | D:1      | HP: 2/12 [goblin/+0 dagger (2)]
   383 | D:1      | Reached XP level 2. HP: 3/16 MP: 3/3
   444 | D:1      | Found a faded altar of an unknown god.
   458 | D:1      | Reached skill level 3 in Ranged Weapons
   630 | D:1      | Reached XP level 3. HP: 21/21 MP: 4/4
   916 | D:1      | 916 ||| UPGRADING to +0 ring mail.
   926 | D:1      | 926 ||| DROPPING +0 robe.
   927 | D:1      | 927 ||| DROPPING amulet of magic regeneration.
   928 | D:1      | 928 ||| READING scroll labelled JUH KYUMMUSMIO.
   946 | D:1      | 946 ||| READING scroll labelled WIALI YX WYH.
   947 | D:1      | 947 ||| READING scroll labelled NYX ORPHE OGAHA.
   948 | D:1      | 948 ||| READING scroll labelled ZIPIME LUWN.
   949 | D:1      | 949 ||| DROPPING scroll of poison.
   996 | D:2      | 996 ||| STAIRDANCE
  1072 | D:2      | 1072 ||| STAIRDANCE
  1092 | D:1      | Reached XP level 4. HP: 21/26 MP: 5/5
  1118 | D:2      | 1118 ||| STAIRDANCE
  1125 | D:1      | Reached skill level 4 in Ranged Weapons
  1328 | D:2      | Reached skill level 1 in Armour
  1341 | D:2      | Found Ycirhuen's Distillery.
  1373 | D:2      | 1373 ||| BUYING 2 potions of curing (78 gold).
  1373 | D:2      | Bought 2 potions of curing for 78 gold pieces
  1373 | D:2      | 1373 ||| SHOPLISTING potion of curing (39 gold, have 34).
  1373 | D:2      | 1373 ||| SHOPLISTING potion of haste (130 gold, have 34).
  1373 | D:2      | 1373 ||| SHOPLISTING potion of might (52 gold, have 34).
  1373 | D:2      | 1373 ||| SHOPLISTING potion of resistance (130 gold, have
                  | 34).
  1479 | D:2      | Noticed an ogre
  1484 | D:2      | Slain by an ogre

Levels and vault maps discovered:
D:1:      saegor_arrival_under_anarchy, layout_loops_ring, serial_rivers,
          chequers_serial_rivers_large_a, chequers_serial_rivers_micro_e,
          chequers_serial_rivers_room_a, chequers_serial_rivers_small_3,
          shapermc_ecumenical_altar_rom_forum
D:2:      layout_rooms, serial_shops, shop, uniq_terence

Skill      XL: |  1  2  3  4 |
---------------+-------------+-----
Ranged Weapons | 3 4 |  4.1
Fighting       | 2 |  2.0
Armour         | 1 |  1.0
Dodging        | |  1.5
Spellcasting   | |  1.0
Hexes          | |  2.6

Action                     |  1- 3 |  4- 6 || total
---------------------------+-------+-------++-------
   Fire: Sling             |   120 |    59 ||   179
    Use: Scroll            |     4 |       ||     4
 Armour: Robe              |    10 |       ||    10
         Ring mail         |    67 |    27 ||    94
  Dodge: Dodged            |    85 |    37 ||   122

Table legend:
 A = Non-vault XP
 B = Vault XP
 C = Vault XP percentage of total XP
 D = Non-vault monster count
 E = Vault monster count
 F = Vault count percentage of total count
                 A         B        C        D         E       F
            +---------+---------+-------+---------+---------+-------
      Total |     130 |       0 |   0.0 |      43 |       0 |   0.0
            +---------+---------+-------+---------+---------+-------
        D:1 |      96 |       0 |   0.0 |      32 |       0 |   0.0
        D:2 |      34 |       0 |   0.0 |      11 |       0 |   0.0
            +---------+---------+-------+---------+---------+-------
